 Dungeon Crawl Stone Soup version 0.23.2-33-g5129a83184 (webtiles) character file.

Game seed: 10220171234481780978

50 psyvane the Digger (level 3, 0/19 HPs)
             Began as a Gargoyle Earth Elementalist on June 30, 2019.
             Killed by nerve-wracking pain
             ... invoked by a shadow imp
             ... summoned by Natasha
              (3 damage)
             ... on level 2 of the Dungeon.
             The game lasted 00:11:17 (1968 turns).

psyvane the Digger (Gargoyle Earth Elementalist)    Turns: 1968, Time: 00:11:17

Health: 0/19       AC:  6    Str: 11    XL:     3   Next: 79%
Magic:  4/6        EV: 11    Int: 16    God:
Gold:   44         SH:  0    Dex: 10    Spells: 0/6 levels left

rFire    . . .     SeeInvis .   i - -1 hunting sling (curse)
rCold    . . .     Gourm    .   (no shield)
rNeg     + . .     Faith    .   h - +0 leather armour
rPois    ∞         Spirit   .   (no helmet)
rElec    +         Reflect  .   (no cloak)
rCorr    .         Harm     .   (no gloves)
MR       .....                  (no boots)
Stlth    ++........             (no amulet)
HPRegen  0.06/turn              j - ring of wizardry
MPRegen  0.10/turn              (no ring)

@: no status effects
A: negative energy resistance 1, electricity resistance, unbreathing,
petrification resistance, rot immunity, AC +3
a: no special abilities


You were on level 2 of the Dungeon.
You were not hungry.

You visited 1 branch of the dungeon, and saw 2 of its levels.

You collected 44 gold pieces.

Inventory:

Hand Weapons
 a - a +0 club
 i - a cursed -1 hunting sling (weapon)
Missiles
 b - 19 stones (quivered)
Armour
 h - a +0 leather armour (worn)
Jewellery
 j - a ring of wizardry (left hand)
Scrolls
 c - a scroll of teleportation
 f - 2 scrolls of identify
Potions
 e - 2 potions of curing
Comestibles
 d - 2 rations


   Skills:
 - Level 0.2 Fighting
 * Level 1.0 Maces & Flails
 - Level 1.5 Dodging
 * Level 2.6 Stealth
 * Level 2.3 Spellcasting
 + Level 0.7 Transmutations
 * Level 4.7 Earth Magic


You couldn't memorise any spells.
You knew the following spells:

 Your Spells              Type           Power        Failure   Level  Hunger
a - Sandblast             Erth           ###...       1%          1    #......
b - Stone Arrow           Conj/Erth      #.....       12%         3    ###....
c - Passwall              Tmut/Erth      ##......     5%          2    ###....

Your spell library contained the following spells:

 Spells                   Type           Power        Failure   Level  Hunger
 Petrify                  Tmut/Erth      ##......     32%         4    #####..
 Lee's Rapid Deconstruct  Erth           ###.......   38%         5    ######.


Dungeon Overview and Level Annotations

Branches:
Dungeon (2/15)

Altars:

Annotations:
D:2 Natasha, Terence


Innate Abilities, Weirdness & Mutations

You are resistant to torment.
Your stone body is resilient. (AC +3)
You are immune to poison.
You resist negative energy. (rN+)
You are resistant to electric shocks. (rElec)
You can survive without breathing.
You are immune to petrification.
You are immune to rotting.


Message History

The magic dart hits you!
Casting: Stone Arrow (safe; 12% risk of failure)
Confirm with . or Enter, or press ? or * to list all spells.
Aiming: Passwall (safe; 5% risk of failure)
Press: ? - help, Dir - move target cursor, p - Natasha You can't see that place. [a closed door.]
Okay, then.
Natasha stares at you and mumbles some strange words.
The magic dart hits you!
* * * LOW HITPOINT WARNING * * *
Natasha casts a spell.
Natasha casts a spell at you. You resist with significant effort.
A kobold comes into view.
Natasha stares at you and mumbles some strange words.
The magic dart hits you but does no damage.
The shadow imp gestures at you. Pain shoots through your body!
You die...

####### # .......## #
###.....# # ........# #
####....@##### ####
#............#########...
#......................##
#.......5..............#.
#......h...............#.
.##.###.#####..........#.
K...............†......#.
.##.#####5.............#.
+..h...#######.#.


You could see Natasha and a shadow imp.

Vanquished Creatures
  An adder (D:2)
  A worm (D:2)
  A dart slug (D:2)
  3 leopard geckos
  4 bats
  3 giant cockroaches
  3 goblins (D:1)
  4 hobgoblins
  2 jackals (D:1)
  A ball python (D:1)
  A frilled lizard (D:2)
  4 kobolds
  3 rats (D:1)
31 creatures vanquished.

Notes
Turn   | Place    | Note
-------+----------+-------------------------------------------
     0 | D:1      | psyvane the Gargoyle Earth Elementalist began the quest for
                  | the Orb.
     0 | D:1      | Reached XP level 1. HP: 10/10 MP: 3/3
    65 | D:1      | Reached skill level 4 in Earth Magic
   104 | D:1      | Reached XP level 2. HP: 1/15 MP: 5/5
  1253 | D:1      | Reached XP level 3. HP: 19/19 MP: 6/6
  1258 | D:1      | Learned a level 3 spell: Stone Arrow
  1261 | D:1      | Learned a level 2 spell: Passwall
  1605 | D:2      | Noticed Terence
  1931 | D:2      | Reached skill level 1 in Maces & Flails
  1949 | D:2      | Noticed Natasha
  1968 | D:2      | Killed from afar by a shadow imp

Skill      XL: |  1  2  3 |
---------------+----------+-----
Earth Magic    | 4 |  4.7
Maces & Flails | 1 |  1.0
Fighting       | |  0.2
Dodging        | |  1.5
Stealth        | |  2.6
Spellcasting   | |  2.3
Transmutations | |  0.7

Action                   || total
-------------------------++-------
Melee: Unarmed           ||    26
       Club              ||    67
 Fire: Hunting sling     ||    73
Throw: Stone             ||    48
 Cast: Passwall          ||     4
       Stone Arrow       ||     3
  Use: Scroll            ||     3
 Stab: Sleeping          ||     2
  Eat: Chunk             ||     2
       Ration            ||     1
Armor: Robe              ||    43
       Leather armour    ||    12
Dodge: Dodged            ||   133
